Picklejuice, neutral male human Tourist # --------- ------------ ----- ------ |.......| |.....*....| #....| |...@@##### ----- |....{..| #...........| ###|....# |..e.| # -- -- |........#####|>.........| # |..<|# |....| #[# #. | ----.---- #...........-##### --|--# |f...-#######| | ##### #------------ # # -|---- ####. |# # # # ## -- --# ### # # # ----- # # # # ### # ### ## # # # # ----- -----------# # ### ##- | |.........-# # # | | |..-|---..| # # | | |..|# |..| # # # | | |..|# |..| ---- #---------|------ | | |*.-|---..| | | #|.............>| ----- |.........| | | #|..............| ---------|- ---- #...*...........| # ---------------- Picklejuice the Rambler Experience level: 2 Strength: 15 Dexterity: 8 Constitution: 15 Intelligence: 15 Wisdom: 10 Charisma: 15 Health: 0(18) Energy: 6(6) Def: 7 Gold: 748 Moves: 3750 Dungeon seed: 6oXSuMsY2T2fnKib Game ID: Picklejuice_1447734234 Your Inventory: Coins $ - 748 gold pieces Amulets L - a cursed amulet of change P - an uncursed amulet of flying Weapons t - 36 +2 darts (in quiver) u - a cursed -1 orcish dagger Armor e - an uncursed +0 Hawaiian shirt (being worn) r - an uncursed +0 banded mail (being worn) y - an uncursed +0 orcish helm (being worn) Comestibles b - 3 uncursed food rations f - an uncursed tripe ration m - an uncursed tin of spinach Scrolls l - a blessed scroll of magic mapping n - 2 uncursed scrolls of magic mapping Potions j - 2 uncursed potions of extra healing D - an uncursed potion of levitation E - an uncursed potion of blindness Rings H - an uncursed ring of free action J - an uncursed ring of teleport control K - an uncursed ring of fire resistance Q - an uncursed ring of warning R - an uncursed ring of protection from shape changers S - a cursed ring of teleportation T - a cursed -2 ring of increase accuracy U - a cursed ring of polymorph V - an uncursed ring of levitation W - a cursed ring of regeneration X - an uncursed ring of levitation Y - an uncursed ring of searching Wands o - a wand of secret door detection (0:15) Tools c - an expensive camera (0:79) k - an uncursed credit card w - an uncursed towel A - a bag of tricks (0:6) Gems q - an uncursed worthless piece of red glass z - 2 uncursed worthless pieces of yellowish brown glass N - 2 uncursed topaz stones Spells and supernatural/magical abilities: Name Level Category Fail Memory W - pray for help -- divine ? -- Your skills at the end: Miscellaneous Skills wands [Basic] Weapon Skills dart [Basic] Spellcasting Skills Final Attributes: You were devoutly aligned. You were a werejackal. You are dead. Vanquished creatures: a coyote 4 geckos 6 giant rats a brown mold a green mold a gnome zombie 3 jackals 7 newts 3 goblins a sewer rat 9 grid bugs 2 bats 2 lichens a kobold zombie 42 creatures vanquished. Voluntary challenges: You had followed a strict vegan diet until turn 2261. You had followed a strict vegetarian diet until turn 2261. You did not adorn yourself with jewelry or accessories. You used a wielded weapon 1 time, starting on turn 186. You did not use containers. You did not apply a unicorn horn. You read items or engraved 2 times, starting on turn 866. You never genocided any monsters. You never polymorphed an object. You never changed form. You used no wishes. You never split a pudding. You never wrote Elbereth's name. You never violated your personal moral code. Dungeon overview: The Dungeons of Doom: levels 1 to 5 Level 1 a long staircase Level 2 a jewelry store, a fountain Level 3 a fountain Level 4 <- You were here a fountain stairs to The Gnomish Mines Level 5 The Gnomish Mines: Level 5 stairs to The Dungeons of Doom History has recorded: On T:1 you entered the Dungeons of Doom to retrieve the Amulet of Yendor! On T:68 you reached level 2 of The Dungeons of Doom. On T:126 you reached level 3 of The Dungeons of Doom. On T:185 you reached level 4 of The Dungeons of Doom. On T:1285 you advanced to experience level 2. On T:2800 you reached level 1 of The Gnomish Mines. On T:2881 you reached level 5 of The Dungeons of Doom. Score breakdown: Gold: 444 ( 44 points) Experience: 2 levels ( 100 points) Exploration: 5 levels ( 120 points) Discoveries: 1 item ( 50 points) Variety of kills: 14 monsters ( 700 points) Major goal: (nothing yet) ( 0 points) Survival: died (score multiplied by 3) Total score: 3042 Latest messages: The werejackal punches you! You die... Final status: Aloha Picklejuice the Tourist, killed by a werejackal... You died in The Dungeons of Doom on dungeon level 4 with 3042 points, and 748 pieces of gold, after 3750 moves. You were level 2 with a maximum of 18 hit points when you died.